 Dungeon Crawl Stone Soup version 0.29.0 (webtiles) character file.

Game seed: 15069803576505826378

24819 GenericMechwarrior the Bludgeoner (level 12, -4/115 HPs)
             Began as a Minotaur Berserker on Sept 15, 2022.
             Was an Elder of Trog.
             Succumbed to a redback's poison
             ... on level 1 of the Spider Nest.
             The game lasted 00:56:00 (14358 turns).

GenericMechwarrior the Bludgeoner (MiBe)           Turns: 14358, Time: 00:56:03

Health: -4/115     AC: 23    Str: 32    XL:     12   Next: 84%
Magic:  3/3        EV: 14    Int:  4    God:    Trog [****..]
Gold:   750        SH:  5    Dex: 13    Spells: 11/11 levels left

rFire   . . .      SeeInvis .   u - +8 whip of Docych {antimagic, Str+3}
rCold   . . .      Faith    .   (no shield)
rNeg    . . .      Spirit   .   k - +6 scale mail of the Robin {Str+3}
rPois   .          Reflect  +   (helmet restricted)
rElec   .          Harm     .   t - +0 cloak
rCorr   .          Rampage  .   a - +3 pair of gloves "Hevezxok" {-Tele Dex+2 Slay+3}
Will    ++...      NoTele   +   p - +0 pair of boots
Stlth   ..........              b - amulet of reflection
HPRegen 1.29/turn               (no ring)
MPRegen 0.08/turn               (no ring)

@: lethally poisoned (-4 -> -20), strong-willed, spiked, on berserk cooldown,
regenerating, slowed, very slow
A: horns 2, retaliatory headbutt
a: Renounce Religion, Berserk, Trog's Hand, Brothers in Arms


You were on level 1 of the Spider Nest.
You worshipped Trog.
Trog was greatly pleased with you.
You visited 3 branches of the dungeon, and saw 12 of its levels.

You collected 750 gold pieces.

Inventory:

Hand Weapons
 j - a +3 flail of protection
 u - the +8 whip of Docych (weapon) {antimagic, Str+3}
   (You took it off a gnoll bouda on level 8 of the Dungeon)

   It reduces the magical energy of the wielder, and disrupts the spells and
   magical abilities of those it strikes.
   Natural abilities and divine invocations are not affected.
   Str:       It affects your strength (+3).
 w - a +0 flail
Missiles
 r - a throwing net (quivered)
Armour
 a - the +3 pair of gloves "Hevezxok" (worn) {-Tele Dex+2 Slay+3}
   (You acquired it on level 8 of the Dungeon)

   Dex:       It affects your dexterity (+2).
   Slay:      It affects your accuracy & damage with ranged weapons and melee
   (+3).
   -Tele:     It prevents most forms of teleportation.
 k - the +6 scale mail of the Robin (worn) {Str+3}
   (You found it on level 7 of the Dungeon)

   Str:       It affects your strength (+3).
 p - a +0 pair of boots (worn)
 t - a +0 cloak (worn)
Jewellery
 b - an amulet of reflection (around neck)
 e - a ring of fire
 C - a ring of see invisible
Wands
 n - a wand of mindburst (16)
 s - a wand of flame (23)
 v - a wand of digging (7)
 A - a wand of roots (5)
Scrolls
 c - 5 scrolls of magic mapping
 f - 2 scrolls of fog
 g - 5 scrolls of identify
 x - 2 scrolls of enchant armour {unknown}
 y - a scroll of fear {unknown}
 z - 2 scrolls of teleportation
 D - a scroll of enchant weapon
Potions
 d - 2 potions of berserk rage
 h - 2 potions of attraction
 i - a potion of flight
 l - 2 potions of mutation
 m - 3 potions of brilliance
 o - a potion of might
 q - 3 potions of curing
 B - a potion of magic {unknown}


   Skills:
 + Level 13.3 Fighting
 + Level 15.9 Maces & Flails
 + Level 13.5 Armour
 + Level 7.5 Dodging
 - Level 0.2 Stealth
 + Level 5.4 Shields


You had 11 spell levels left.
You didn't know any spells.
Your spell library was empty.

Dungeon Overview and Level Annotations

Branches:
Dungeon (8/15)             Temple (0/1) D:4            Lair (3/5) D:8
 Shoals (0/4) Lair:3       Spider (1/4) Lair:3

Altars:
Elyvilon
Gozag
Qazlal
Trog
Vehumet
Xom
Zin

Shops:
D:3 [   D:6 =


Innate Abilities, Weirdness & Mutations

You have a pair of horns on your head.
You reflexively headbutt those who attack you in melee.


Message History

[Y]es or [N]o only, please.
The barbs in your skin will harm you if you move.
Continue? [Y]es or [N]o only, please.
The barbs in your skin will harm you if you move.
Continue?
The barbed spikes dig painfully into your body as you move.
* * * LOW HITPOINT WARNING * * *
The redback bites you.
* * * LOW HITPOINT WARNING * * *
You are lethally poisoned!
The redback poisons you!
You thrash the redback!!
The redback is almost dead.
* * * LOW HITPOINT WARNING * * *
You feel very sick. The redback barely misses you.
Unknown command.
You whack the redback!
You kill the redback!
Trog accepts your kill.
* * * LOW HITPOINT WARNING * * *
You feel very sick.
There is a lethal amount of poison in your body!
You are too berserk!
You are too berserk!
Okay, then.
There is a lethal amount of poison in your body!
There is a lethal amount of poison in your body!
There is a lethal amount of poison in your body!
There is a lethal amount of poison in your body!
There is a lethal amount of poison in your body!
The barbed spikes dig painfully into your body as you move.
* * * LOW HITPOINT WARNING * * *
x2 You feel extremely sick.
The barbed spikes dig painfully into your body as you move.
* * * LOW HITPOINT WARNING * * *
You feel a strong urge to attack something.
You are no longer berserk.
You are exhausted.
You feel as though you will be slow longer.
You die...

...# ####... ## ##^.#
#..##.. ###. ...# ###.....
#.#. ##..## ..##....
...####....###...#....
#..#.#....#.#..###...
#.........#...##.#...
#...†###.....##..#.#. #
##...@................ #.
#.#†...[.##..[...#...[
.B.#..#..#...#####..########
#.......##.#..####.##..#..#
#.......^#......# #..#......
....##...##.....# .#.#=###..
... #...######### # #### #..
## ###.# ##. #.. #.


There were no monsters in sight!

Vanquished Creatures
  Agnes (Spider:1)
  2 hydras (Lair:3)
  The ghost of bonscott the Thaumaturge, a journeyman DENe of Gozag (Lair:1)
  2 catoblepae
  A dancing weapon (Lair:1)
  A death scarab (Spider:1)
  A death yak (Lair:2)
  A pharaoh ant (Spider:1)
  A steelbarb worm (Spider:1)
  A wolf spider (Spider:1)
  7 elephants
  3 black mambas
  A torpor snail (Lair:2)
  Maggie (D:6)
  4 komodo dragons
  3 cane toads
  A wind drake (Lair:3)
  13 blink frogs
  A dream sheep (Lair:2)
  A jumping spider (Spider:1)
  A culicivora (Spider:1)
  19 yaks
  3 wyverns
  3 redbacks (Spider:1)
  Menkaure (D:4)
  A steam dragon (D:8)
  Edmund (D:5)
  9 water moccasins
  An ice beast (D:8)
  A sky beast (D:7)
  4 wolves (Lair:2)
  2 centaurs (D:8)
  2 ogres (D:6)
  A phantom (D:6)
  7 bullfrogs
  A kobold brigand (D:8)
  A gnoll sergeant (D:6)
  2 scorpions (D:5)
  3 necrophages
  3 wights (D:8)
  10 killer bees
  2 howler monkeys
  2 lava snakes (D:7)
  Crazy Yiuf (D:4)
  3 gnoll boudas
  6 orc priests
  A hound (D:5)
  An iguana (D:7)
  4 hell rats (Lair:2)
  5 orc wizards
  Natasha (thrice) (D:4)
  17 gnolls
  3 river rats (Lair:2)
  16 adders
  A shadow imp (D:8)
  A white imp (D:6)
  3 ufetubi
  A worm (D:2)
  4 dart slugs
  16 orcs
  8 ball pythons
  5 endoplasms
  8 giant cockroaches
  19 goblins
  8 hobgoblins
  2 jackals (D:4)
  5 quokkas
  7 bats
  2 frilled lizards
  9 kobolds
  23 rats
309 creatures vanquished.

Vanquished Creatures (collateral kills)
  A manticore (Lair:3)
1 creature vanquished.

Vanquished Creatures (others)
  4 fungi (Lair:2)
  54 plants
58 creatures vanquished.

Grand Total: 368 creatures vanquished

Notes
Turn   | Place    | Note
-------+----------+-------------------------------------------
     0 | D:1      | GenericMechwarrior the Minotaur Berserker began the quest
                  | for the Orb.
     0 | D:1      | Reached XP level 1. HP: 19/19 MP: 0/0
   321 | D:1      | Reached skill level 4 in Maces & Flails
   321 | D:1      | Reached XP level 2. HP: 27/27 MP: 1/1
   422 | D:1      | Found a faded altar of an unknown god.
   446 | D:1      | Reached XP level 3. HP: 32/33 MP: 2/2
   532 | D:1      | Reached ** piety under Trog
  1392 | D:2      | Reached XP level 4. HP: 41/41 MP: 3/3
  1713 | D:2      | Reached skill level 5 in Maces & Flails
  2795 | D:3      | Found a glowing silver altar of Zin.
  2857 | D:3      | Identified the +2 short sword of Vanity {vorpal, Dex+3}
  2961 | D:3      | Reached XP level 5. HP: 47/47 MP: 4/4
  3319 | D:3      | Found Mamerph's Armour Shoppe.
  3576 | D:4      | Noticed Natasha
  3598 | D:4      | Killed Natasha
  3599 | D:4      | Reached skill level 5 in Fighting
  3920 | D:4      | Found a staircase to the Ecumenical Temple.
  3921 | D:4      | Noticed Natasha
  3929 | D:4      | Killed Natasha
  3930 | D:4      | Reached XP level 6. HP: 54/56 MP: 5/5
  3937 | D:4      | Noticed Menkaure
  3948 | D:4      | Killed Menkaure
  3949 | D:4      | Reached skill level 6 in Maces & Flails
  3960 | D:4      | Noticed Natasha
  4068 | D:4      | Killed Natasha
  4474 | D:4      | Found a runed translucent door.
  4475 | D:4      | Noticed Crazy Yiuf
  4482 | D:4      | Killed Crazy Yiuf
  4967 | D:5      | Entered Level 5 of the Dungeon
  5037 | D:5      | Reached XP level 7. HP: 61/61 MP: 6/6
  5077 | D:5      | Reached skill level 5 in Armour
  5095 | D:5      | Found a white marble altar of Elyvilon.
  5109 | D:5      | Reached skill level 7 in Maces & Flails
  5222 | D:5      | Reached *** piety under Trog
  5611 | D:5      | Found a radiant altar of Vehumet.
  5827 | D:5      | Noticed Edmund
  5840 | D:5      | Killed Edmund
  5841 | D:5      | Reached skill level 8 in Maces & Flails
  5841 | D:5      | Reached XP level 8. HP: 70/70 MP: 7/7
  6455 | D:6      | Found Vuaniaqui's Jewellery Boutique.
  6852 | D:6      | Reached skill level 9 in Maces & Flails
  7173 | D:6      | Reached **** piety under Trog
  7195 | D:6      | Noticed Maggie
  7215 | D:6      | Killed Maggie
  7216 | D:6      | Reached XP level 9. HP: 58/79 MP: 8/8
  7693 | D:7      | Found a shimmering altar of Xom.
  7724 | D:7      | Reached skill level 10 in Maces & Flails
  7727 | D:7      | Identified the +6 scale mail of the Robin {Str+3}
  7789 | D:7      | Found a bloodstained altar of Trog.
  8454 | D:7      | Reached skill level 11 in Maces & Flails
  8859 | D:8      | Identified the +8 whip of Docych {antimagic, Str+3}
  9063 | D:8      | Found an opulent altar of Gozag.
  9103 | D:8      | Found a staircase to the Lair.
  9325 | D:8      | Identified a scroll of acquirement
  9326 | D:8      | Acquired the +3 pair of gloves "Hevezxok" {-Tele Dex+2
                  | Slay+3}
 10004 | Lair:1   | Entered Level 1 of the Lair of Beasts
 10112 | Lair:1   | Reached skill level 12 in Maces & Flails
 10112 | Lair:1   | Reached skill level 5 in Dodging
 10116 | Lair:1   | Reached XP level 10. HP: 86/89 MP: 3/9
 10176 | Lair:1   | Found a runed translucent door.
 10179 | Lair:1   | Found a shimmering altar of Xom.
 10179 | Lair:1   | Noticed bonscott's ghost (journeyman DENe)
 10179 | Lair:1   | Noticed a +2 long sword of chaos
 10375 | Lair:1   | Reached skill level 10 in Armour
 10387 | Lair:1   | Reached skill level 13 in Maces & Flails
 10596 | Lair:1   | Noticed a catoblepas
 10603 | Lair:1   | Killed a catoblepas
 10641 | Lair:1   | Noticed a cane toad
 10646 | Lair:1   | Killed a cane toad
 10663 | Lair:1   | Reached skill level 1 in Shields
 10894 | Lair:1   | Reached ***** piety under Trog
 10895 | Lair:1   | Reached XP level 11. HP: 86/99 MP: 3/10
 11138 | Lair:1   | Killed a +2 long sword of chaos
 11143 | Lair:1   | Killed bonscott's ghost
 11144 | Lair:1   | Reached skill level 14 in Maces & Flails
 11224 | Lair:2   | Noticed a catoblepas
 11259 | Lair:2   | Killed a catoblepas
 11260 | Lair:2   | Reached skill level 10 in Fighting
 11576 | Lair:2   | Found a stormy altar of Qazlal.
 12061 | Lair:2   | Noticed a death yak
 12077 | Lair:2   | Killed a death yak
 12687 | Lair:3   | Reached XP level 12. HP: 109/110 MP: 3/11
 12722 | Lair:3   | Found a hole to the Spider Nest.
 12821 | Lair:3   | Reached skill level 15 in Maces & Flails
 12884 | Lair:3   | Noticed a six-headed hydra
 12902 | Lair:3   | Killed a six-headed hydra
 13404 | Lair:3   | Found a staircase to the Shoals.
 13501 | Lair:3   | Noticed a six-headed hydra
 13509 | Lair:3   | Killed a six-headed hydra
 13783 | Spider:1 | Entered Level 1 of the Spider Nest
 13810 | Spider:1 | Noticed Agnes
 13821 | Spider:1 | Killed Agnes
 13833 | Spider:1 | Reached skill level 5 in Shields
 14114 | Spider:1 | Identified the +1 chain mail "Jyxzadon" {+Blink}
 14321 | Spider:1 | Noticed a death scarab
 14332 | Spider:1 | Killed a death scarab
 14358 | Spider:1 | HP: 1/172 [barbs]
 14358 | Spider:1 | Succumbed to a redback's poison

Illustrated notes

Levels and vault maps discovered:
D:1:      dpeg_arrival_ratfight, layout_basic,
          shapermc_ecumenical_altar_mp_ritualfount, minmay_tripent
D:2:      layout_rooms, minmay_goblin_outpost
D:3:      layout_rooms, amcnicky_altar_gilded, serial_shops, shop,
          grunt_ministairs_12
D:4:      layout_rooms, minmay_temple_entry_sparse_star, minmay_quantized,
          uniq_natasha, uniq_menkaure, uniq_crazy_yiuf_cottage
D:5:      layout_loops_corners, hangedman_feature_mirror,
          hangedman_abyss_or_decor_passed, chequers_serial_rivers_small_a,
          uniq_edmund
D:6:      layout_basic, serial_shops, nicolae_shop_stone, uniq_maggie
D:7:      layout_gridville, mainiacjoe_overflow_tiny_flanked, kennysheep_mini,
          kennysheep_decorative_pillar
D:8:      layout_basic, pf_just_have_faith, lair_entry_dummy
Lair:1:   layout_concentric_octagons, ebering_ghost_xom, serial_bayou_shore_a
Lair:2:   wad_woods_stonehenge, layout_gridlike, st_stairs_7,
          kennysheep_abandoned_house
Lair:3:   layout_chaotic_city, minmay_shoals_entry_beasts,
          spider_nest_entry_web_field
Spider:1: nicolae_spider_hilbert_zone_5 [nicolae_spider_hilbert_3_sides_1_open,
          nicolae_spider_hilbert_4_sides_1_open,
          nicolae_spider_hilbert_4_sides_1_open,
          nicolae_spider_hilbert_6_sides_1_open,
          nicolae_spider_hilbert_6_sides_1_open], uniq_donald, uniq_agnes

Skill      XL: |  1  2  3  4  5  6  7  8  9 10 11 12 |
---------------+-------------------------------------+-----
Maces & Flails | 4 5 6 8 9 12 13 14 15 | 15.9
Fighting       | 4 5 7 8 9 11 13 | 13.3
Dodging        | 3 4 5 6 7 |  7.5
Armour         | 3 4 6 8 9 11 12 13 | 13.5
Shields        | 1 3 5 |  5.4
Stealth        | |  0.2

Action                   |  1- 3 |  4- 6 |  7- 9 | 10-12 || total
-------------------------+-------+-------+-------+-------++-------
Melee: Mace              |    71 |   159 |    79 |       ||   309
       Headbutt          |    10 |    20 |    42 |   113 ||   185
       Punch             |       |     1 |       |     8 ||     9
       Flail             |       |       |   171 |       ||   171
       Whip              |       |       |    46 |   407 ||   453
Invok: Trog's Hand       |       |     4 |     1 |     3 ||     8
       Berserk           |       |     4 |     2 |     6 ||    12
       Brothers in Arms  |       |       |       |     2 ||     2
  Use: Scroll            |     3 |     5 |     7 |     2 ||    17
       Potion            |     2 |     3 |       |     2 ||     7
 Stab: Sleeping          |     1 |       |       |       ||     1
       Petrified         |       |       |       |     3 ||     3
Armor: Animal skin       |    10 |    13 |       |       ||    23
       Ring mail         |       |    44 |       |       ||    44
       Chain mail        |       |    17 |   113 |       ||   130
       Scale mail        |       |       |    77 |   126 ||   203
Dodge: Dodged            |    53 |   122 |   166 |   143 ||   484
Block: Other             |       |       |       |    58 ||    58
